 Dungeon Crawl Stone Soup version 0.21.0-3-g78d12a8 (webtiles) character file.

184018 inmateoo the Sharpshooter (level 17, -5/128 HPs)
             Began as a Demonspawn Hunter on Jan 9, 2018.
             Was the Champion of Okawaru.
             Killed from afar by a shock serpent (15 damage)
             ... with a bolt of electricity
             ... on level 4 of the Snake Pit.
             The game lasted 01:01:00 (34570 turns).

inmateoo the Sharpshooter (Demonspawn Hunter)      Turns: 34570, Time: 01:01:01

Health: -5/128     AC: 24    Str: 14    XL:     17   Next: 76%
Magic:  20/24      EV: 10    Int: 20    God:    Okawaru [******]
Gold:   666        SH:  0    Dex: 28    Spells: 8/24 levels left

rFire    + . .     SeeInvis .   Q - +4 triple crossbow of Rubbish {penet, Dex+3 Stlth+}
rCold    . . .     Gourm    .   (shield currently unavailable)
rNeg     + + +     Faith    .   D - +4 chain mail "Istrit" {rF+ Dex+7}
rPois    +         Spirit   .   Z - -7 helmet of Impressiveness {rN++ Regen+ Int+6}
rElec    .         Reflect  .   m - scarf {repulsion}
rCorr    +         Harm     .   (gloves unavailable)
MR       ++++.     Clarity  +   K - +1 pair of boots {run}
Stlth    ++++......             B - amulet of the Four Winds {rN+ MR+++ Clar}
HPRegen  0.71/turn              o - ring of poison resistance
MPRegen  0.19/turn              X - ring of Robustness {AC+8}

@: very slightly contaminated, constricted, repel missiles, quick
A: claws 3, yellow scales 3, demonic guardian 3, nightstalker 2
a: Heroism, Finesse, Renounce Religion


You were on level 4 of the Snake Pit.
You worshipped Okawaru.
Okawaru was exalted by your worship.
You were not hungry.

You visited 5 branches of the dungeon, and saw 28 of its levels.
You also visited: Bailey.

You collected 3313 gold pieces.
You spent 2647 gold pieces at shops.

Inventory:

Hand Weapons
 x - a +4 arbalest of velocity
 Q - the +4 triple crossbow of Rubbish (weapon) {penet, Dex+3 Stlth+}
   (Okawaru gifted it to you on level 14 of the Dungeon)

   Ammo fired by it will pass through the targets it hits, potentially hitting
   all targets in its path until it reaches maximum range.
   It affects your dexterity (+3).
   It makes you more stealthy.
 Y - the +4 great sword "Tuuklyd" {slice, rC+}
   (You found it on level 6 of the Lair of Beasts)

   It inflicts extra damage upon your enemies.
   It protects you from cold.
Missiles
 d - 388 bolts (quivered)
Armour
 m - a scarf of repulsion (worn)
 D - the +4 chain mail "Istrit" (worn) {rF+ Dex+7}
   (You found it on level 11 of the Dungeon)

   It affects your dexterity (+7).
   It protects you from fire.
 K - a +1 pair of boots of running (worn)
 Z - the -7 helmet of Impressiveness (worn) {rN++ Regen+ Int+6}
   (Okawaru gifted it to you on level 2 of the Orcish Mines)

   It affects your intelligence (+6).
   It greatly protects you from negative energy.
   It increases your rate of regeneration.
Jewellery
 o - a ring of poison resistance (left claw)
 w - the ring of Zuisos {*Tele rElec Dex+4 SInv}
   (You found it on level 3 of the Snake Pit)

   [ring of teleportation]

   It may teleport you next to monsters.
   It affects your dexterity (+4).
   It insulates you from electricity.
   It lets you see invisible.
 A - the ring "Yzog" {+Fly rC+ MR+ Int-2}
   (You found it on level 15 of the Dungeon)

   [ring of flight]

   It affects your intelligence (-2).
   It protects you from cold.
   It affects your resistance to hostile enchantments.
   It lets you fly.
 B - the amulet of the Four Winds (around neck) {rN+ MR+++ Clar}
   (You bought it in a shop on level 4 of the Dungeon)

   [amulet of nothing]

   It protects you from negative energy.
   It affects your resistance to hostile enchantments.
   It protects you against confusion.
 E - the ring of Sus Zuvvei {rElec rF- MR+ Str+6}
   (You found it on level 15 of the Dungeon)

   [ring of protection from magic]

   It affects your strength (+6).
   It makes you vulnerable to fire.
   It insulates you from electricity.
   It affects your resistance to hostile enchantments.
 F - the ring of Suspicion {Wiz -Tele rC+ SInv}
   (You found it on level 7 of the Dungeon)

   [ring of wizardry]

   It improves your spell success rate.
   It protects you from cold.
   It lets you see invisible.
   It prevents most forms of teleportation.
 R - the ring "Ezul" {rC+ AC+3 Str+3 Int-4}
   (You bought it in a shop on level 2 of the Orcish Mines)

   [ring of protection]

   It affects your AC (+3).
   It affects your strength (+3).
   It affects your intelligence (-4).
   It protects you from cold.
 W - a +4 ring of slaying
 X - the ring of Robustness (right claw) {AC+8}
   (You found it on level 6 of the Lair of Beasts)

   [ring of protection]

   It affects your AC (+8).
Wands
 g - a wand of acid (10)
 q - a wand of random effects (81)
 v - a wand of disintegration (18)
 y - a wand of paralysis (27)
 G - a wand of clouds (4)
 N - a wand of iceblast (46)
 O - a wand of digging (22)
Scrolls
 a - 6 scrolls of enchant weapon
 b - 5 scrolls of identify
 e - 20 scrolls of remove curse
 j - 3 scrolls of fog
 n - 6 scrolls of immolation
 t - 6 scrolls of magic mapping
 u - 6 scrolls of teleportation
 z - 5 scrolls of fear
 C - 6 scrolls of enchant armour
 J - 7 scrolls of amnesia
 S - 7 scrolls of blinking
Potions
 c - 2 potions of brilliance
 i - 3 potions of agility
 l - 3 potions of resistance
 p - 6 potions of flight
 r - a potion of heal wounds
 s - 16 potions of curing
 H - 5 potions of mutation
 I - a potion of ambrosia {unknown}
 M - a potion of invisibility
 T - 7 potions of might
 U - 3 potions of haste
Miscellaneous
 h - a lightning rod (4/4)
 k - a phial of floods
 L - a lamp of fire
 V - a box of beasts
Comestibles
 f - 31 rations


   Skills:
 - Level 10.0 Fighting
 + Level 7.4 Long Blades
   Level 5.0 Polearms
 * Level 19.0 Crossbows
 - Level 10.0 Armour
 - Level 10.0 Dodging
 - Level 5.6 Stealth
 + Level 4.1 Spellcasting
 + Level 4.1 Translocations
 - Level 10.0 Invocations


You had 8 spell levels left.
You knew the following spells:

 Your Spells              Type           Power        Failure   Level  Hunger
a - Passwall              Tmut/Erth      #.........   95%         2    #......
b - Blink                 Tloc           N/A          45%         2    #......
c - Shroud of Golubria    Chrm/Tloc      ##........   75%         2    #......
d - Passage of Golubria   Tloc           N/A          97%         4    ####...
e - Regeneration          Chrm/Necr      #.........   99%         3    ###....
f - Spectral Weapon       Hex/Chrm       #.......     99%         3    ###....


Dungeon Overview and Level Annotations

Branches:
Dungeon (15/15)            Temple (1/1) D:4            Lair (6/6) D:9
  Swamp (0/4) Lair:3        Snake (4/4) Lair:2        Slime (0/5) Lair:5
    Orc (2/2) D:12            Elf (0/3) Orc:2        Vaults (0/5) D:14
 Depths (0/5) D:15

Altars:
Ashenzari
Cheibriados
Dithmenos
Elyvilon
Fedhas
Gozag
Hepliaklqana
Kikubaaqudgha
Makhleb
Nemelex Xobeh
Okawaru
Qazlal
Ru
Sif Muna
Trog
Uskayaw
Vehumet
Wu Jian
Xom
Yredelemnul
Zin
The Shining One
Beogh
Jiyva

Shops:
D:4 =   D:7 (   D:12 *(   Orc:1 }   Orc:2 (*=[   Snake:1 [:   Snake:2 [
Snake:4 =

Annotations:
D:2 Sigmund


Innate Abilities, Weirdness & Mutations

You have claws for hands.
You are completely covered in yellow scales. (AC +4, rCorr)
A powerful demonic guardian rushes to your aid.
You are significantly more attuned to the shadows.


Message History

The anaconda constricts you.
The shock serpent bites you but does no damage.
Unknown command.
Unknown command.
Okay, then.
You escape the anaconda's grasp.
The shock serpent bites you but does no damage.
Unknown command.
Unknown command.
You feel much better. The anaconda grabs you. The anaconda bites you.
The anaconda constricts you. The shock serpent bites you!
* * * LOW HITPOINT WARNING * * *
The shock serpent shocks you!
* * * LOW HITPOINT WARNING * * *
The anaconda bites you!
* * * LOW HITPOINT WARNING * * *
The anaconda constricts you.
The shock serpent shoots out a bolt of lightning at you!
The bolt of electricity hits you!
You die...

.##.......# ######..(. ..
##........# .#####....).... ...
#.........##...#........... ...
...........#.........)..... ...
...........##.............. ...
.(.....#....#.............. #.
......###...##............. #.
......####...###SS......... #.
.......#####...#@.(........ #.
........###......(...........###.
.##.............((............#..
####..........(#..............#..
..###..........####..............
....####.....(...###.............
#.....####.......................
###....######....................
..#.....### ####.................


You could see an anaconda and a shock serpent.

Vanquished Creatures
  Saint Roka (Snake:2)
  The ghost of Tovarisch the Executioner, an adept MiBe of Trog (D:15)
  Donald (Snake:1)
  A nagaraja (Snake:3)
  4 orc warlords
  A frost giant (D:15)
  3 entropy weavers (Lair:5)
  An ettin (Orc:2)
  7 hydras
  3 naga warriors
  4 vault guards (D:15)
  A catoblepas (Lair:5)
  2 ghost crabs (Lair:5)
  4 anacondas
  A merfolk avatar (Lair:6)
  A death knight (D:13)
  2 centaur warriors (D:15)
  2 deep troll shamans (D:15)
  8 death yaks
  An orc high priest (Orc:2)
  5 two-headed ogres
  5 shock serpents
  Urug (D:13)
  7 naga sharpshooters
  Nergalle (Orc:2)
  A salamander mystic (Snake:4)
  4 fire crabs (Lair:5)
  3 unseen horrors
  7 orc knights
  A glowing orange brain (D:15)
  2 naga ritualists
  A lindwurm (Lair:6)
  A harpy (Lair:6)
  5 mana vipers
  A necromancer (D:15)
  2 wolf spiders
  2 ugly things
  4 oklob plants (Lair:6)
  3 orc sorcerers (Orc:2)
  2 deep elf magi
  7 cyclopes
  3 manticores
  4 guardian serpents (D:15)
  7 salamanders
  5 elephants
  An apocalypse crab (Lair:5)
  25 black mambas
  9 naga magi
  6 spiny frogs
  5 gargoyles
  3 torpor snails (Lair:4)
  2 kobold demonologists (D:15)
  11 komodo dragons
  A yaktaur (shapeshifter) (D:15)
  A redback zombie (D:15)
  6 rime drakes
  2 freezing wraiths
  A queen bee (Lair:4)
  3 meliai (Lair:4)
  4 trolls
  A wind drake (Lair:6)
  5 polar bears
  A hornet (shapeshifter) (D:14)
  A hornet (Lair:6)
  5 blink frogs
  13 hippogriffs
  A meliai zombie (D:12)
  8 dream sheep
  A slime creature (D:15)
  A centaur simulacrum (D:15)
  A spriggan (shapeshifter) (D:15)
  7 wyverns
  4 wraiths
  3 shadows
  A vampire (D:15)
  27 yaks
  A hog (shapeshifter) (D:15)
  A human (D:12)
  3 basilisks
  A golden eye (shapeshifter) (D:15)
  4 hungry ghosts
  6 vampire mosquitoes
  3 wargs
  An acid dragon (D:14)
  20 nagas
  A soldier ant (D:11)
  Duvessa (D:7)
  17 water moccasins
  48 orc warriors
  10 porcupines
  A phantom (D:14)
  3 ice beasts
  2 sky beasts
  3 wolves (Lair:3)
  3 boggarts (D:15)
  An eye of draining (D:15)
  7 necrophages
  14 ogres
  11 centaurs
  20 crocodiles
  3 big kobolds
  Blork the orc (Orc:2)
  2 wyvern zombies
  11 bullfrogs
  2 water moccasin zombies (D:10)
  4 scorpions
  Dowan (D:7)
  38 killer bees
  5 wights (D:7)
  3 howler monkeys
  2 electric eels (Lair:4)
  6 crimson imps
  5 centaur zombies
  3 bullfrog zombies
  2 quasits (D:10)
  6 hounds
  24 orc priests
  5 centaur skeletons
  3 jellies (D:11)
  25 orc wizards
  2 bullfrog skeletons (D:6)
  A hell rat (Lair:4)
  3 iguanas
  11 worker ants
  A killer bee zombie (D:6)
  2 hound skeletons (D:6)
  A worker ant zombie (D:7)
  14 gnolls
  10 adders
  5 shadow imps
  An ooze (D:1)
  An adder skeleton (D:4)
  4 worms
  3 dart slugs
  4 leopard geckos
  83 orcs
  2 ball pythons
  6 giant cockroaches
  10 goblins
  6 hobgoblins
  6 jackals
  5 quokkas
  6 bats
  5 frilled lizards
  A giant cockroach zombie (D:6)
  36 kobolds
  A quokka skeleton (D:4)
  10 rats
  A fungus (Lair:1)
  2 plants
869 creatures vanquished.

Vanquished Creatures (collateral kills)
  Gastronok (D:8)
  A tengu reaver (D:15)
  A ghost crab (Lair:5)
  A vault guard (D:14)
  3 hydras
  2 anacondas (Snake:3)
  A catoblepas (Lair:6)
  A centaur warrior (D:15)
  3 death yaks (Lair:6)
  A fire crab (Lair:5)
  A wizard (D:8)
  Pikel (D:9)
  An orc knight (Orc:2)
  A mana viper (Snake:1)
  A cyclops (D:14)
  A manticore (D:14)
  3 orc sorcerers (D:8)
  An ugly thing (D:7)
  2 centaur zombies (D:15)
  A guardian serpent (Snake:3)
  3 black mambas
  2 elephants (Lair:2)
  Joseph (D:8)
  A naga mage (Snake:3)
  A gargoyle (D:14)
  A yaktaur (D:15)
  A spiny frog (Lair:4)
  A merfolk (D:12)
  A polar bear (Lair:6)
  A hornet (Lair:6)
  3 dream sheep (Lair:6)
  2 hippogriffs
  4 blink frogs
  A spriggan (D:12)
  A centaur simulacrum (D:15)
  6 yaks
  A naga (Snake:1)
  A porcupine (D:9)
  2 water moccasins
  7 orc warriors
  A slave (D:9)
  A boggart (D:15)
  A centaur (D:6)
  A bullfrog (Lair:4)
  2 scorpions
  5 killer bees
  An orc priest (D:5)
  5 orc wizards
  A worker ant (D:7)
  An adder (D:9)
  2 orcs
  8 goblins (D:4)
  A hobgoblin (D:2)
  A quokka (D:5)
100 creatures vanquished.

Vanquished Creatures (others)
  An orc knight (Orc:2)
  An orc warrior (D:12)
  3 slaves (D:9)
  39 fungi
  38 plants
82 creatures vanquished.

Grand Total: 1051 creatures vanquished

Notes
Turn   | Place    | Note
-------+----------+-------------------------------------------
     0 | D:1      | inmateoo the Demonspawn Hunter began the quest for the Orb.
     0 | D:1      | Reached XP level 1. HP: 16/16 MP: 1/1
    25 | D:1      | Reached skill level 4 in Crossbows
    25 | D:1      | Gained mutation: You are partially covered in yellow scales. (AC +2) [demonic ancestry]
    25 | D:1      | Reached XP level 2. HP: 22/22 MP: 2/2
   808 | D:2      | Noticed Sigmund
   934 | D:2      | Gained mutation: You have sharp fingernails. [demonic ancestry]
   934 | D:2      | Reached XP level 3. HP: 22/27 MP: 3/3
  1105 | D:2      | You fall through a shaft!
  1184 | D:3      | Reached skill level 5 in Crossbows
  1186 | D:3      | Reached XP level 4. HP: 26/33 MP: 4/4
  1766 | D:2      | Gained mutation: A weak demonic guardian rushes to your aid. [demonic ancestry]
  1766 | D:2      | Reached XP level 5. HP: 38/38 MP: 5/5
  2906 | D:2      | Reached skill level 6 in Crossbows
  3032 | D:4      | Found a staircase to the Ecumenical Temple.
  3071 | Temple   | Entered the Ecumenical Temple
  3135 | Temple   | Became a worshipper of Warmaster Okawaru
  3262 | D:4      | Gained mutation: A demonic guardian rushes to your aid. [demonic ancestry]
  3262 | D:4      | Reached XP level 6. HP: 34/44 MP: 6/6
  3531 | D:4      | Reached skill level 7 in Crossbows
  3658 | D:4      | Found Jisak's Jewellery Shop.
  4372 | D:5      | Entered Level 5 of the Dungeon
  4462 | D:5      | Reached * piety under Okawaru
  4503 | D:5      | Reached skill level 1 in Invocations
  4581 | D:5      | Gained mutation: You have very sharp fingernails. [demonic ancestry]
  4581 | D:5      | Reached XP level 7. HP: 38/50 MP: 7/7
  4899 | D:5      | Reached skill level 1 in Armour
  5314 | D:5      | Found an iron altar of Okawaru.
  5637 | D:6      | Reached ** piety under Okawaru
  5896 | D:6      | Reached skill level 8 in Crossbows
  5909 | D:6      | Gained mutation: You are mostly covered in yellow scales. (AC +3) [demonic ancestry]
  5909 | D:6      | Reached XP level 8. HP: 54/58 MP: 10/10
  6343 | D:6      | Reached *** piety under Okawaru
  6635 | D:7      | Noticed Dowan
  6642 | D:7      | Killed Dowan
  6662 | D:7      | Received a gift from Okawaru
  6682 | D:7      | Noticed a hippogriff
  6685 | D:7      | Found Baecleoq's Antique Weapon Shoppe.
  6690 | D:7      | Killed a hippogriff
  6737 | D:7      | Reached skill level 9 in Crossbows
  6737 | D:7      | Reached XP level 9. HP: 64/66 MP: 12/12
  6764 | D:7      | Got a crude iron ring
  6766 | D:7      | Identified the ring of Suspicion {Wiz -Tele rC+ SInv} (You found it on level 7 of the Dungeon)
  6783 | D:7      | Noticed Duvessa
  6799 | D:7      | Reached skill level 5 in Invocations
  6805 | D:7      | Killed Duvessa
  6818 | D:7      | Reached **** piety under Okawaru
  6818 | D:7      | Received a gift from Okawaru
  7585 | D:7      | Noticed a red ugly thing
  7591 | D:7      | Killed a red ugly thing
  7591 | D:7      | Received a gift from Okawaru
  7591 | D:7      | Reached skill level 5 in Fighting
  8126 | D:8      | Noticed Joseph
  8128 | D:8      | Paralysed by Joseph for 3 turns
  8144 | D:8      | Noticed a red devil
  8156 | D:8      | Killed Joseph
  8156 | D:8      | Reached skill level 5 in Dodging
  8158 | D:8      | Noticed a wizard
  8158 | D:8      | Killed a wizard
  8158 | D:8      | Reached skill level 10 in Crossbows
  8158 | D:8      | Gained mutation: You are completely covered in yellow scales. (AC +4, rCorr) [demonic ancestry]
  8158 | D:8      | Reached XP level 10. HP: 31/74 MP: 7/15
  8160 | D:8      | Noticed an orc sorcerer
  8164 | D:8      | Noticed a soul eater
  8164 | D:8      | Killed an orc sorcerer
  8164 | D:8      | Reached ***** piety under Okawaru
  8266 | D:8      | Noticed an orc sorcerer
  8271 | D:8      | Killed an orc sorcerer
  8485 | D:8      | Noticed an orc sorcerer
  8490 | D:8      | Noticed an orange demon
  8495 | D:8      | Killed an orc sorcerer
  8558 | D:8      | Found a glowing silver altar of Zin.
  8866 | D:8      | You fall through a shaft!
  8866 | D:9      | Noticed Pikel
  8876 | D:9      | Killed Pikel
  8876 | D:9      | Received a gift from Okawaru
  8876 | D:9      | Reached skill level 5 in Armour
  9054 | D:9      | Received a gift from Okawaru
  9055 | D:9      | Reached skill level 11 in Crossbows
  9473 | D:9      | Received a gift from Okawaru
  9473 | D:9      | Reached skill level 12 in Crossbows
  9517 | D:9      | Found a staircase to the Lair.
  9880 | D:10     | Entered Level 10 of the Dungeon
  9951 | D:10     | Reached XP level 11. HP: 77/79 MP: 16/16
 10786 | D:8      | Noticed Gastronok
 10794 | D:8      | Killed Gastronok
 10794 | D:8      | Reached skill level 13 in Crossbows
 10826 | D:8      | Identified a scroll of acquirement
 11216 | D:11     | Got a polished trident
 11217 | D:11     | Identified the +6 trident "Nuikhucs" {drain, rPois Str+4 Dex-4} (You found it on level 11 of the Dungeon)
 11292 | D:11     | Noticed a seven-headed hydra
 11419 | D:11     | Noticed a two-headed ogre
 11429 | D:11     | Killed a two-headed ogre
 11596 | D:11     | Reached ****** piety under Okawaru
 11601 | D:11     | Reached skill level 1 in Polearms
 11706 | D:11     | Got a distressingly furry chain mail
 11729 | D:11     | Noticed an unseen horror
 11733 | D:11     | Killed an unseen horror
 11733 | D:11     | Received a gift from Okawaru
 11737 | D:11     | Got a pair of steaming gloves {god gift}
 11743 | D:11     | Identified the +3 pair of gloves of the Slightly Bent {-Tele rPois rC+++ Int-2} (Okawaru gifted it to you on level 11 of the Dungeon)
 11800 | D:11     | Killed a seven-headed hydra
 11806 | D:11     | Noticed a red ugly thing
 11816 | D:11     | Killed a red ugly thing
 12275 | D:12     | Reached XP level 12. HP: 56/87 MP: 12/18
 12494 | D:11     | Identified the +4 chain mail "Istrit" {rF+ Dex+7} (You found it on level 11 of the Dungeon)
 12846 | D:12     | Found a staircase to the Orcish Mines.
 12848 | D:12     | Found Tocuh's Weapon Boutique.
 13106 | D:12     | Found Zoun's Island Escapes.
 13213 | D:12     | Bought a potion of haste for 170 gold pieces
 13420 | D:4      | Bought the amulet of the Four Winds {rN+ MR+++ Clar} for 570 gold pieces
 13420 | D:4      | Found the amulet of the Four Winds {rN+ MR+++ Clar}
 13609 | D:13     | Noticed a six-headed hydra
 13630 | D:12     | Killed a six-headed hydra
 13630 | D:12     | Reached skill level 14 in Crossbows
 13890 | D:13     | Noticed a death knight
 13915 | D:13     | Killed a death knight
 13989 | D:13     | Found a shattered altar of Ashenzari.
 14011 | D:13     | Received a gift from Okawaru
 14070 | D:13     | Noticed Urug
 14094 | D:13     | Killed Urug
 14439 | D:13     | Received a gift from Okawaru
 14618 | D:13     | Found a hide-covered altar of Uskayaw.
 15360 | D:14     | Received a gift from Okawaru
 15372 | D:14     | Found a white marble altar of Elyvilon.
 15621 | D:14     | You fall through a shaft!
 15621 | D:15     | Entered Level 15 of the Dungeon
 15626 | D:15     | Noticed a vault guard
 15643 | D:15     | Killed a vault guard
 15643 | D:15     | Received a gift from Okawaru
 15927 | D:15     | Got a faintly glowing lead ring
 15930 | D:15     | Identified the ring of Sus Zuvvei {rElec rF- MR+ Str+6} (You found it on level 15 of the Dungeon)
 16155 | D:14     | Gained mutation: You have claws for hands. [demonic ancestry]
 16155 | D:14     | Reached XP level 13. HP: 95/96 MP: 19/19
 16167 | D:14     | Received a gift from Okawaru
 16195 | D:14     | Got a pitted triple crossbow {god gift}
 16197 | D:14     | Identified the +4 triple crossbow of Rubbish {penet, Dex+3 Stlth+} (Okawaru gifted it to you on level 14 of the Dungeon)
 16220 | D:14     | Found a gate to the Vaults.
 16481 | D:14     | Reached skill level 5 in Polearms
 16514 | D:14     | Reached skill level 15 in Crossbows
 16609 | D:15     | Found a shadowy altar of Dithmenos.
 16791 | Lair:1   | Entered Level 1 of the Lair of Beasts
 17222 | Lair:1   | Received a gift from Okawaru
 18092 | Lair:2   | Found a staircase to the Snake Pit.
 19306 | Lair:3   | Reached skill level 10 in Invocations
 19691 | Lair:3   | Found a staircase to the Swamp.
 20489 | Lair:4   | Found a shattered altar of Ashenzari.
 21057 | Lair:4   | Gained mutation: You are slightly more attuned to the shadows. [demonic ancestry]
 21057 | Lair:4   | Reached XP level 14. HP: 47/105 MP: 21/21
 21466 | Lair:4   | Received a gift from Okawaru
 21800 | Lair:5   | Found a runed door.
 21894 | Lair:5   | Reached skill level 16 in Crossbows
 22230 | Lair:5   | Found a viscous altar of Jiyva.
 22231 | Lair:5   | Found a staircase to the Slime Pits.
 22721 | Lair:5   | Noticed an entropy weaver
 22733 | Lair:5   | Killed an entropy weaver
 22964 | Lair:5   | Noticed an entropy weaver
 22977 | Lair:5   | Killed an entropy weaver
 23576 | Lair:5   | Noticed an entropy weaver
 23589 | Lair:5   | Killed an entropy weaver
 23589 | Lair:5   | Received a gift from Okawaru
 23778 | Lair:6   | Entered Level 6 of the Lair of Beasts
 24200 | Lair:6   | Received a gift from Okawaru
 24304 | Lair:6   | Received a gift from Okawaru
 24486 | Lair:6   | Received a gift from Okawaru
 24486 | Lair:6   | Gained mutation: You are significantly more attuned to the shadows. [demonic ancestry]
 24486 | Lair:6   | Reached XP level 15. HP: 78/115 MP: 22/22
 24660 | Lair:6   | Found the ring of Robustness {AC+8}
 24670 | Lair:6   | Got a pitted great sword
 24701 | Lair:6   | Identified the +4 great sword "Tuuklyd" {slice, rC+} (You found it on level 6 of the Lair of Beasts)
 24890 | Lair:6   | Received a gift from Okawaru
 25051 | Lair:6   | Found a hazy altar of Hepliaklqana.
 25254 | Lair:6   | Reached skill level 1 in Long Blades
 25498 | Lair:6   | Received a gift from Okawaru
 25568 | Lair:6   | Reached skill level 10 in Fighting
 25592 | Lair:6   | Reached skill level 17 in Crossbows
 25849 | Orc:1    | Entered Level 1 of the Orcish Mines
 25895 | Orc:1    | Found Teasadd's Gadget Shop.
 26111 | Orc:1    | Found a flagged portal.
 26118 | Bailey   | Entered a bailey
 26146 | Bailey   | Noticed an orc warlord
 26233 | Bailey   | Found a runed gate.
 26234 | Bailey   | Found a runed gate.
 26235 | Bailey   | Found a runed gate.
 26423 | Bailey   | Killed an orc warlord
 26458 | Bailey   | Reached skill level 5 in Stealth
 26458 | Bailey   | Gained mutation: A powerful demonic guardian rushes to your aid. [demonic ancestry]
 26458 | Bailey   | Reached XP level 16. HP: 122/122 MP: 23/23
 26696 | Orc:2    | Entered Level 2 of the Orcish Mines
 26743 | Orc:2    | Noticed Nergalle
 26749 | Orc:2    | Noticed Blork the orc
 26749 | Orc:2    | Killed Nergalle
 26754 | Orc:2    | Killed Blork the orc
 26787 | Orc:2    | Received a gift from Okawaru
 27040 | Orc:2    | Received a gift from Okawaru
 27046 | Orc:2    | Got a jewelled helmet {god gift}
 27057 | Orc:2    | Identified the -7 helmet of Impressiveness {rN++ Regen+ Int+6} (Okawaru gifted it to you on level 2 of the Orcish Mines)
 27058 | Orc:2    | Found a roughly hewn altar of Beogh.
 27097 | Orc:2    | Found Amin's General Store.
 27136 | Orc:2    | Found Aroybbox's Antique Armour Shop.
 27161 | Orc:2    | Found Beps's Jewellery Shop.
 27168 | Orc:2    | Bought the ring "Ezul" {rC+ AC+3 Str+3 Int-4} for 460 gold pieces
 27183 | Orc:2    | Found Tolac's Antique Weapon Shop.
 27205 | Orc:2    | Bought a potion of might for 60 gold pieces
 27205 | Orc:2    | Bought a scroll of magic mapping for 52 gold pieces
 27205 | Orc:2    | Bought a scroll of identify for 30 gold pieces
 27205 | Orc:2    | Bought 15 bolts for 45 gold pieces
 27279 | Orc:2    | Reached skill level 10 in Armour
 27301 | Orc:2    | Reached skill level 10 in Dodging
 27600 | Orc:2    | Found a staircase to the Elven Halls.
 27844 | Orc:2    | Identified the Reference Book on Earthen Poisoning
 27912 | Orc:2    | Learned a level 2 spell: Passwall
 28425 | D:15     | Got a vibrating granite ring
 28426 | D:15     | Identified the ring "Yzog" {+Fly rC+ MR+ Int-2} (You found it on level 15 of the Dungeon)
 28715 | D:15     | Found a glowing silver altar of Zin.
 28850 | D:15     | Found a staircase to the Depths.
 28918 | D:15     | Reached skill level 5 in Long Blades
 28995 | D:15     | Reached skill level 18 in Crossbows
 29037 | D:15     | Found a shadowy altar of Dithmenos.
 29062 | D:15     | Noticed Tovarisch's ghost (adept MiBe)
 29435 | D:15     | Killed Tovarisch's ghost
 29535 | D:15     | Received a gift from Okawaru
 29834 | D:15     | Reached XP level 17. HP: 128/128 MP: 24/24
 29878 | D:15     | Got a clouded bone ring
 29970 | D:15     | Identified the ring of Jealousy {+Fly Stlth+} (You found it on level 15 of the Dungeon)
 30162 | Snake:1  | Entered Level 1 of the Snake Pit
 30188 | Snake:1  | Received a gift from Okawaru
 30223 | Snake:1  | Found Povvux's Book Boutique.
 30233 | Snake:1  | Bought a book of Spatial Translocations for 780 gold pieces
 30236 | Snake:1  | Learned a level 2 spell: Blink
 30239 | Snake:1  | Learned a level 2 spell: Shroud of Golubria
 30244 | Snake:1  | Learned a level 4 spell: Passage of Golubria
 30244 | Snake:1  | Bought a book of Battle for 480 gold pieces
 30248 | Snake:1  | Learned a level 3 spell: Regeneration
 30252 | Snake:1  | Learned a level 3 spell: Spectral Weapon
 30514 | Snake:1  | Found Vaeb Cea's Antique Armour Shoppe.
 30565 | Snake:1  | Noticed Donald
 30570 | Snake:1  | Reached skill level 1 in Spellcasting
 30570 | Snake:1  | Reached skill level 1 in Translocations
 30574 | Snake:1  | Killed Donald
 31427 | Snake:1  | You fall through a shaft!
 31438 | Snake:2  | Found Vedigiff's Antique Armour Emporium.
 31457 | Snake:2  | Received a gift from Okawaru
 31673 | Snake:2  | Noticed Saint Roka
 31685 | Snake:2  | Killed Saint Roka
 31685 | Snake:2  | Received a gift from Okawaru
 32394 | Snake:3  | Found a transporter.
 33234 | Snake:3  | Found a transporter.
 33286 | Snake:3  | Received a gift from Okawaru
 33346 | Snake:3  | Got a faintly glowing garnet amulet
 33349 | Snake:3  | Identified the amulet "Gitz" {Faith rF+} (You found it on level 3 of the Snake Pit)
 33365 | Snake:3  | Identified a +1 pair of boots of running (You found it on level 3 of the Snake Pit)
 33374 | Snake:3  | Got a scorched iron ring
 33375 | Snake:3  | Identified the ring of Zuisos {*Tele rElec Dex+4 SInv} (You found it on level 3 of the Snake Pit)
 33391 | Snake:4  | Entered Level 4 of the Snake Pit
 33440 | Snake:4  | Received a gift from Okawaru
 33770 | Snake:4  | Reached skill level 19 in Crossbows
 33954 | Snake:4  | Found Juahob's Jewellery Shoppe.
 34184 | Snake:4  | Received a gift from Okawaru
 34207 | Snake:4  | HP: 3/128 [naga mage/orb of energy (20)]
 34553 | Snake:4  | Received a gift from Okawaru
 34570 | Snake:4  | Killed from afar by a shock serpent

Skill      XL: |  1  2  3  4  5  6  7  8  9 10 11 12 13 14 15 16 17 |
---------------+----------------------------------------------------+-----
Crossbows      | 4 5 6 7 8 9 10 12 13 14 15 16 17 18 19 | 19.0
Dodging        | 2 3 5 7 8 9 10 | 10.0
Invocations    | 1 3 4 6 7 8 9 10 | 10.0
Armour         | 2 3 4 5 7 8 9 10 | 10.0
Fighting       | 3 4 5 7 8 9 10 | 10.0
Polearms       | 2 4 5 |  5.0
Long Blades    | 2 5 7 |  7.4
Stealth        | 5 |  5.6
Spellcasting   | 4 |  4.1
Translocations | 4 |  4.1

Action                   |  1- 3 |  4- 6 |  7- 9 | 10-12 | 13-15 | 16-18 || total
-------------------------+-------+-------+-------+-------+-------+-------++-------
Melee: Short sword       |    39 |   243 |    20 |       |       |       ||   302
       Unarmed           |       |     5 |    41 |       |       |       ||    46
       Trident           |       |       |       |     7 |    17 |       ||    24
       Arbalest          |       |       |       |     2 |       |     1 ||     3
       Great sword       |       |       |       |       |     5 |    13 ||    18
 Fire: Hand crossbow     |    24 |    85 |   351 |   166 |       |       ||   626
       Arbalest          |       |       |       |   511 |   908 |   780 ||  2199
       Triple crossbow   |       |       |       |       |    56 |   149 ||   205
Invok: Heroism           |       |       |     1 |     3 |     1 |     4 ||     9
       Finesse           |       |       |       |       |     1 |       ||     1
Evoke: Wand              |       |     3 |     5 |       |     1 |       ||     9
       Phial of floods   |       |       |       |       |     1 |       ||     1
  Use: Scroll            |       |    15 |     2 |     7 |     7 |    12 ||    43
       Potion            |       |     1 |     1 |     4 |     3 |     3 ||    12
 Stab: Sleeping          |     2 |     1 |       |       |       |       ||     3
       Paralysed         |       |     9 |       |       |       |       ||     9
  Eat: Chunk             |       |     9 |    11 |    15 |     6 |     1 ||    42
       Ration            |       |     1 |       |     7 |     6 |     7 ||    21
Armor: Leather armour    |    17 |    89 |    59 |    69 |       |       ||   234
       Skin              |       |     5 |       |       |       |       ||     5
       Chain mail        |       |       |       |    80 |   265 |   340 ||   685
Dodge: Dodged            |    30 |   202 |   157 |   282 |   323 |   393 ||  1387
       Deflected         |       |       |       |       |    13 |    62 ||    75
Block: Other             |       |       |       |     4 |       |       ||     4
       Rpst.: Great sword |       |       |       |       |     2 |     2 ||     4
